WCHLSIM.com - West Coast Hockey League
html PUBLIC "-//W3C//DTD XHTML 1.0 Transitional//EN" "http://www.w3.org/TR/xhtml1/DTD/xhtml1-transitional.dtd"> WCHL - Game 22 - SAN DIEGO THUNDER vs REGINA FALCONS

SAN DIEGO THUNDER vs REGINA FALCONS

Created - 5 octobre 2019 at 11:33

Goals
1 2 3 T
SAN DIEGO THUNDER 0 1 0 1
REGINA FALCONS 2 0 0 2
Shots
1 2 3 T
SAN DIEGO THUNDER 10 11 5 26
REGINA FALCONS 20 7 10 37

1st period

1. REGINA FALCONS , Ron Hainsey 1 (David Pastrnak 2, Brady Tkachuk 1) at 3:04
2. REGINA FALCONS , Jonathan Miller 1 (Boone Jenner 1, Max Pacioretty 1) at 18:44

Penalties :
Radko Gudas (SDG) for High sticking (Minor) at 8:18

2nd period

3. SAN DIEGO THUNDER , Evander Kane 1 (Nikita Kucherov 2, Mikael Granlund 2) at 14:46

Penalties :
Blake Comeau (REG) for High sticking (Minor) at 9:54, Ron Hainsey (REG) for Tripping (Minor) at 17:47

3rd period

No Goal

Penalties :
Joel Edmundson (REG) for Roughing (Minor) at 0:28, Brady Tkachuk (REG) for Hooking (Minor) at 12:08, Radko Gudas (SDG) for Boarding (Minor) at 12:08, Matt Martin (REG) for Goalie Interference (Minor) at 18:47

Goalie Stats

Connor Hellebuyck (SDG), 35 saves from 37 shots - (0,946), L, 1-1-0, 58:49 minutes
Frederik Andersen (REG), 25 saves from 26 shots - (0,962), W, 1-0-1, 60:00 minutes

Players Stats for SAN DIEGO THUNDER

Player Name              G  A  P  +/- PIM S  H  SB GA TA FO     MP     PP MP  PK MP  
------------------------------------------------------------------------------------
Alexander Edler          0  0  0   0  0   2  0  1  0  0  0/0    20:51   3:16   1:18 
Bo Horvat                0  0  0   0  0   4  1  0  0  0  19/24  18:53   4:01   0:00 
Charles McAvoy           0  0  0   0  0   0  2  0  0  0  0/0    21:35   3:56   0:57 
Connor Murphy            0  0  0  -1  0   1  1  5  0  0  0/0    16:51   1:12   0:37 
David Perron             0  0  0   0  0   3  0  0  0  0  0/1    18:53   4:01   0:00 
Dominik Kahun            0  0  0  -1  0   0  0  0  0  0  0/1    12:43   0:00   1:08 
Drake Batherson          0  0  0   0  0   0  0  0  0  0  1/10    7:22   0:40   0:04 
Evander Kane             1  0  1   0  0   7  1  0  0  0  0/0    20:33   3:08   0:41 
James Neal               0  0  0   0  0   0  0  0  0  0  0/0     6:38   0:00   0:00 
Jared McCann             0  0  0  -1  0   1  1  0  0  0  0/0    11:38   0:00   0:31 
Jean-Gabriel Pageau      0  0  0  -1  0   0  0  0  0  0  5/13   12:35   0:00   1:28 
Josh Anderson            0  0  0   0  0   1  2  0  0  0  1/2    18:00   3:08   0:00 
Josh Manson              0  0  0   0  0   0  3  1  0  0  0/0    20:25   0:00   0:58 
Matt Benning             0  0  0  -1  0   1  4  4  0  0  0/0    18:57   3:13   0:04 
Mikael Granlund          0  1  1   0  0   1  0  0  0  0  8/23   20:55   3:08   0:00 
Nikita Kucherov          0  1  1   0  0   4  0  0  0  0  3/6    21:08   3:21   0:00 
Pierre-Edouard Bellemare 0  0  0   0  0   0  0  0  0  0  0/0     6:48   0:00   0:10 
Radko Gudas              0  0  0   0  4   1  1  1  0  0  0/0    21:15   2:41   0:00 

Players Stats for REGINA FALCONS

Player Name              G  A  P  +/- PIM S  H  SB GA TA FO     MP     PP MP  PK MP  
------------------------------------------------------------------------------------
Antti Suomela            0  0  0   0  0   1  0  0  0  0  6/17   15:10   0:00   4:18 
Ben Harpur               0  0  0   1  0   1  0  0  0  0  0/0    16:46   0:00   3:01 
Blake Comeau             0  0  0   0  2   0  5  0  0  0  0/0    13:15   0:00   3:16 
Boone Jenner             0  1  1   1  0   5  1  1  0  0  18/29  18:57   0:50   0:00 
Brady Tkachuk            0  1  1   0  2   3  3  0  0  0  0/0    19:07   1:09   0:00 
Brandon Saad             0  0  0   0  0   1  1  0  0  0  1/1    12:45   0:00   1:38 
Brian Gibbons            0  0  0   0  0   1  0  0  0  0  2/3     3:54   0:00   0:00 
David Pastrnak           0  1  1   0  0   10 0  0  0  0  0/1    19:08   1:09   0:00 
Joel Edmundson           0  0  0   0  2   1  0  2  0  0  0/0    20:43   0:00   2:05 
Jonathan Miller          1  0  1   1  0   5  0  0  0  0  2/3    20:23   0:50   2:33 
Marc-Edouard Vlasic      0  0  0   0  0   0  0  1  0  0  0/0    23:01   1:09   0:55 
Matt Martin              0  0  0   0  2   0  0  0  0  0  0/0     3:53   0:00   0:00 
Max Pacioretty           0  1  1   1  0   6  0  0  0  0  0/1    18:42   0:50   0:00 
Nazem Kadri              0  0  0   0  0   0  2  0  0  0  14/24  19:08   1:09   0:00 
Ron Hainsey              1  0  1   0  2   1  1  0  0  0  0/0    18:51   0:50   0:35 
Ryan Murray              0  0  0   1  0   0  0  1  0  0  0/0    19:46   1:09   3:51 
Sami Vatanen             0  0  0   0  0   2  5  2  0  0  0/0    20:51   0:50   3:51 
Valeri Nichushkin        0  0  0   0  0   0  0  0  0  0  0/1     6:27   0:00   2:33 

3 Stars

1 - Connor Hellebuyck (SDG)
2 - Frederik Andersen (REG)
3 - Jonathan Miller (REG)

Power Play

SAN DIEGO THUNDER - 0 on 4 Attempt(s) - 0,00%
REGINA FALCONS - 0 on 1 Attempt(s) - 0,00%

Penalty Kill

SAN DIEGO THUNDER - 1 on 1 Attempt(s) - 100,00% - Score 0 goal in Penalty Kill
REGINA FALCONS - 4 on 4 Attempt(s) - 100,00% - Score 0 goal in Penalty Kill

Team Stat

SAN DIEGO THUNDER - Hits : 16 - Faceoff Wins : 37 - Blocked Shots : 12 - Penalty Minutes : 4
REGINA FALCONS - Hits : 18 - Faceoff Wins : 43 - Blocked Shots : 7 - Penalty Minutes : 10

Official

Referees : Kelly Sutherland and Jean Hebert
Linesman : Ryan Galloway and Shane Heyer

Game Notes

No Game Note

Finance

Level 1 -- Attendance: 4489 (74,82%) -- Ticket Income 718 240 $
Level 2 -- Attendance: 4288 (85,76%) -- Ticket Income 428 800 $
Level 3 -- Attendance: 1501 (75,05%) -- Ticket Income 112 575 $
Level 4 -- Attendance: 3137 (78,43%) -- Ticket Income 172 535 $
Luxury Box -- Attendance: 1000 (100,00%) -- Ticket Income 208 000 $
Game was played at the Larouche Arena.
Total Attendance: 14415 (80,08%)
Total Ticket Income: 1 640 150 $
Other Income: 524 848 $
Total Income: 2 164 998 $

SAN DIEGO THUNDER

5 vs 5 Forward 
   Center                   Left Wing                Right Wing               Time % Phy DF OF 
 1 Mikael Granlund          Evander Kane             Nikita Kucherov          36     0   1  4  
 2 Bo Horvat                David Perron             Josh Anderson            31     0   1  4  
 3 Jean-Gabriel Pageau      Jared McCann             Dominik Kahun            23     1   2  2  
 4 Drake Batherson          Pierre-Edouard Bellemare James Neal               10     1   2  2  

5 vs 5 Defense 
   Defense                  Defense                                           Time % Phy DF OF 
 1 Charles McAvoy           Josh Manson                                       36     1   2  2  
 2 Alexander Edler          Radko Gudas                                       31     1   2  2  
 3 Matt Benning             Connor Murphy                                     23     1   2  2  
 4 Josh Manson              Radko Gudas                                       10     1   2  2  

PowerPlay Forward 
   Center                   Left Wing                Right Wing               Time % Phy DF OF 
 1 Bo Horvat                David Perron             Nikita Kucherov          55     0   0  5  
 2 Mikael Granlund          Evander Kane             Josh Anderson            45     0   0  5  

PowerPlay Defense
   Defense                  Defense                                           Time % Phy DF OF 
 1 Alexander Edler          Charles McAvoy                                    55     1   2  2  
 2 Matt Benning             Radko Gudas                                       45     1   2  2  

Penalty Kill 4 Players Forward 
   Center                   Wing                     Time % Phy DF OF 
 1 Jean-Gabriel Pageau      Evander Kane             55     1   3  1  
 2 Jared McCann             Pierre-Edouard Bellemare 45     1   3  1  

Penalty Kill 4 Players Defense
   Defense                  Defense                  Time % Phy DF OF 
 1 Alexander Edler          Josh Manson              55     1   2  2  
 2 Charles McAvoy           Radko Gudas              45     1   2  2  

Penalty Kill - 3 Players Forward 
   Forward                                           Time % Phy DF OF 
 1 Pierre-Edouard Bellemare                          55     1   2  2  
 2 Jean-Gabriel Pageau                               45     1   2  2  

Penalty Kill - 3 Players Defense
   Defense                  Defense                  Time % Phy DF OF 
 1 Alexander Edler          Josh Manson              55     1   2  2  
 2 Connor Murphy            Radko Gudas              45     1   2  2  

4 vs 4 Forward 
   Center                   Wing                     Time % Phy DF OF 
 1 Nikita Kucherov          Mikael Granlund          55     1   2  2  
 2 David Perron             Jared McCann             45     1   2  2  

4 vs 4 Defense
   Defense                  Defense                  Time % Phy DF OF 
 1 Alexander Edler          Josh Manson              55     1   2  2  
 2 Charles McAvoy           Radko Gudas              45     1   2  2  

Last Minutes Offensive
   Center                   Left Wing                Right Wing               Defense                  Defense                  
   Mikael Granlund          David Perron             Nikita Kucherov          Alexander Edler          Charles McAvoy           

Last Minutes Defensive
   Center                   Left Wing                Right Wing               Defense                  Defense                  
   Mikael Granlund          Pierre-Edouard Bellemare Nikita Kucherov          Alexander Edler          Josh Manson              

Goaltenders
Starting : Connor Hellebuyck        
Backup : Laurent Brossoit         

Extra Forwards
Normal : Nikita Kucherov, Evander Kane, Mikael Granlund - PP : Nikita Kucherov, Evander Kane - PK : Pierre-Edouard Bellemare
Extra Defensemen
Normal : Alexander Edler, Charles McAvoy, Josh Manson - PP : Alexander Edler - PK : Josh Manson, Radko Gudas
Penalty Shots
Nikita Kucherov, Mikael Granlund, David Perron, Evander Kane, Josh Anderson
Custom OT Lines Forwards
Nikita Kucherov, Mikael Granlund, Evander Kane, Bo Horvat, David Perron, Jared McCann, Josh Anderson, Dominik Kahun, Jean-Gabriel Pageau, Pierre-Edouard Bellemare
Custom OT Lines Defensemen
Alexander Edler, Charles McAvoy, Josh Manson, Radko Gudas, Connor Murphy

Scratches
None

REGINA FALCONS

5 vs 5 Forward 
   Center                   Left Wing                Right Wing               Time % Phy DF OF 
 1 Nazem Kadri              Brady Tkachuk            David Pastrnak           37     0   1  4  
 2 Boone Jenner             Max Pacioretty           Jonathan Miller          36     1   3  1  
 3 Antti Suomela            Brandon Saad             Blake Comeau             20     1   3  1  
 4 Brian Gibbons            Matt Martin              Valeri Nichushkin        7      0   5  0  

5 vs 5 Defense 
   Defense                  Defense                                           Time % Phy DF OF 
 1 Marc-Edouard Vlasic      Ron Hainsey                                       36     0   3  2  
 2 Joel Edmundson           Sami Vatanen                                      34     0   4  1  
 3 Ryan Murray              Ben Harpur                                        20     0   5  0  
 4 Marc-Edouard Vlasic      Joel Edmundson                                    10     0   5  0  

PowerPlay Forward 
   Center                   Left Wing                Right Wing               Time % Phy DF OF 
 1 Nazem Kadri              Brady Tkachuk            David Pastrnak           55     0   0  5  
 2 Boone Jenner             Max Pacioretty           Jonathan Miller          45     0   0  5  

PowerPlay Defense
   Defense                  Defense                                           Time % Phy DF OF 
 1 Marc-Edouard Vlasic      Ryan Murray                                       55     0   1  4  
 2 Ron Hainsey              Sami Vatanen                                      45     0   2  3  

Penalty Kill 4 Players Forward 
   Center                   Wing                     Time % Phy DF OF 
 1 Antti Suomela            Blake Comeau             55     0   5  0  
 2 Jonathan Miller          Valeri Nichushkin        45     0   5  0  

Penalty Kill 4 Players Defense
   Defense                  Defense                  Time % Phy DF OF 
 1 Ben Harpur               Joel Edmundson           55     0   5  0  
 2 Ryan Murray              Sami Vatanen             45     0   5  0  

Penalty Kill - 3 Players Forward 
   Forward                                           Time % Phy DF OF 
 1 Jonathan Miller                                   55     0   5  0  
 2 Antti Suomela                                     45     0   5  0  

Penalty Kill - 3 Players Defense
   Defense                  Defense                  Time % Phy DF OF 
 1 Ben Harpur               Joel Edmundson           55     0   5  0  
 2 Ryan Murray              Sami Vatanen             45     0   5  0  

4 vs 4 Forward 
   Center                   Wing                     Time % Phy DF OF 
 1 Boone Jenner             Brandon Saad             50     0   2  3  
 2 Antti Suomela            Max Pacioretty           50     0   2  3  

4 vs 4 Defense
   Defense                  Defense                  Time % Phy DF OF 
 1 Sami Vatanen             Ron Hainsey              50     0   4  1  
 2 Marc-Edouard Vlasic      Ryan Murray              50     0   3  2  

Last Minutes Offensive
   Center                   Left Wing                Right Wing               Defense                  Defense                  
   Nazem Kadri              Brady Tkachuk            David Pastrnak           Marc-Edouard Vlasic      Ryan Murray              

Last Minutes Defensive
   Center                   Left Wing                Right Wing               Defense                  Defense                  
   Boone Jenner             Brandon Saad             Jonathan Miller          Joel Edmundson           Ron Hainsey              

Goaltenders
Starting : Frederik Andersen        
Backup : Anton Khudobin           

Extra Forwards
Normal : Boone Jenner, Brandon Saad, Max Pacioretty - PP : David Pastrnak, Nazem Kadri - PK : Brandon Saad
Extra Defensemen
Normal : Joel Edmundson, Ben Harpur, Ryan Murray - PP : Ryan Murray - PK : Marc-Edouard Vlasic, Ron Hainsey
Penalty Shots
David Pastrnak, Brady Tkachuk, Max Pacioretty, Jonathan Miller, Nazem Kadri
Custom OT Lines Forwards
David Pastrnak, Brandon Saad, Boone Jenner, Max Pacioretty, Jonathan Miller, Nazem Kadri, Brady Tkachuk, Blake Comeau, Matt Martin, Valeri Nichushkin
Custom OT Lines Defensemen
Marc-Edouard Vlasic, Ron Hainsey, Ryan Murray, Sami Vatanen, Joel Edmundson

Scratches
None


% Time on Ice - SAN DIEGO THUNDER

Lines # - Real PCT - Wanted PCT - Time Play
Normal Forward
1 - 33% - 36% - 16:16
2 - 30% - 31% - 14:52
3 - 23% - 23% - 11:07
4 - 14% - 10% - 6:38
Normal Defense
1 - 32% - 36% - 15:43
2 - 34% - 31% - 16:23
3 - 30% - 23% - 14:34
4 - 5% - 10% - 2:13
PP Forward
1 - 56% - 55% - 4:01
2 - 44% - 45% - 3:08
PP Defense
1 - 55% - 55% - 3:56
2 - 45% - 45% - 3:13
PK Forward
1 - 74% - 55% - 1:28
2 - 26% - 45% - 0:31
PK Defense
1 - 33% - 55% - 0:39
2 - 67% - 45% - 1:20
PK3 Forward
1 - 0% - 55%
2 - 0% - 45%
PK3 Defense
1 - 0% - 55%
2 - 0% - 45%
44 Forward
1 - 100% - 55% - 1:59
2 - 0% - 45% - 0:00
44 Defense
1 - 100% - 55% - 1:59
2 - 0% - 45% - 0:00
Last Minute Offensive  - 0:00
Last Minute Defensive  - 0:00
Total
Forward - 60:00
Defense - 60:00

% Time on Ice - REGINA FALCONS

Lines # - Real PCT - Wanted PCT - Time Play
Normal Forward
1 - 37% - 37% - 17:59
2 - 35% - 36% - 17:00
3 - 20% - 20% - 10:00
4 - 8% - 7% - 3:54
Normal Defense
1 - 34% - 36% - 16:29
2 - 31% - 34% - 15:12
3 - 28% - 20% - 13:45
4 - 7% - 10% - 3:27
PP Forward
1 - 58% - 55% - 1:09
2 - 42% - 45% - 0:50
PP Defense
1 - 58% - 55% - 1:09
2 - 42% - 45% - 0:50
PK Forward
1 - 64% - 55% - 4:36
2 - 36% - 45% - 2:33
PK Defense
1 - 46% - 55% - 3:18
2 - 54% - 45% - 3:51
PK3 Forward
1 - 0% - 55%
2 - 0% - 45%
PK3 Defense
1 - 0% - 55%
2 - 0% - 45%
44 Forward
1 - 56% - 50% - 1:07
2 - 44% - 50% - 0:52
44 Defense
1 - 49% - 50% - 0:58
2 - 51% - 50% - 1:01
Last Minute Offensive  - 0:00
Last Minute Defensive  - 0:00
Total
Forward - 60:00
Defense - 60:00

Play-by-Play

1st period


0:01 of 1st period - Nikita Kucherov wins face-off versus Nazem Kadri in neutral zone.
0:19 of 1st period - Shot by Nikita Kucherov.
0:19 of 1st period - Stopped by Frederik Andersen without a rebound.
0:20 of 1st period - Bo Horvat wins face-off versus Boone Jenner in REGINA FALCONS zone.
0:20 of 1st period - Alexander Edler is hit by Sami Vatanen and loses puck.
0:41 of 1st period - Shot by Max Pacioretty.
0:41 of 1st period - Stopped by Connor Hellebuyck with a rebound.
0:43 of 1st period - Shot by Joel Edmundson.
0:43 of 1st period - Stopped by Connor Hellebuyck without a rebound.
0:44 of 1st period - Jean-Gabriel Pageau wins face-off versus Antti Suomela in SAN DIEGO THUNDER zone.
0:44 of 1st period - Jean-Gabriel Pageau is hit by Blake Comeau.
0:58 of 1st period - Shot by Brandon Saad.
0:58 of 1st period - Shot Misses the Net.
1:49 of 1st period - Shot by Brady Tkachuk.
1:49 of 1st period - Stopped by Connor Hellebuyck without a rebound.
1:50 of 1st period - Boone Jenner wins face-off versus Nikita Kucherov in SAN DIEGO THUNDER zone.
1:59 of 1st period - Shot by Max Pacioretty.
1:59 of 1st period - Shot Misses the Net.
2:01 of 1st period - Shot by Sami Vatanen.
2:01 of 1st period - Shot Misses the Net.
2:35 of 1st period - Boone Jenner is hit by Josh Manson and loses puck.
3:00 of 1st period - Shot by Brady Tkachuk.
3:00 of 1st period - Shot Misses the Net.
3:02 of 1st period - Shot by David Pastrnak.
3:02 of 1st period - Shot Misses the Net.
3:04 of 1st period - Shot by Ron Hainsey.
3:04 of 1st period - Goal by Ron Hainsey - SAN DIEGO THUNDER : 0 - REGINA FALCONS : 1.
3:05 of 1st period - Brian Gibbons wins face-off versus David Perron in neutral zone.
3:24 of 1st period - Shot by Valeri Nichushkin.
3:24 of 1st period - Shot Misses the Net.
4:19 of 1st period - Shot by Pierre-Edouard Bellemare.
4:19 of 1st period - Shot Hit the Post.
4:57 of 1st period - Icing by Connor Murphy.
4:58 of 1st period - Jonathan Miller wins face-off versus Drake Batherson in SAN DIEGO THUNDER zone.
5:41 of 1st period - Shot by Boone Jenner.
5:41 of 1st period - Shot Blocked by Matt Benning.
5:43 of 1st period - Shot by Joel Edmundson.
5:43 of 1st period - Shot Misses the Net.
6:04 of 1st period - Shot by Brady Tkachuk.
6:04 of 1st period - Deflect By David Pastrnak.
6:04 of 1st period - Stopped by Connor Hellebuyck with a rebound.
6:13 of 1st period - Icing by Connor Murphy.
6:14 of 1st period - Antti Suomela wins face-off versus Drake Batherson in SAN DIEGO THUNDER zone.
6:51 of 1st period - Shot by Brandon Saad.
6:51 of 1st period - Stopped by Connor Hellebuyck with a rebound.
7:07 of 1st period - Shot by David Pastrnak.
7:07 of 1st period - Stopped by Connor Hellebuyck with a rebound.
7:52 of 1st period - Icing by Sami Vatanen.
7:53 of 1st period - Boone Jenner wins face-off versus Bo Horvat in REGINA FALCONS zone.
7:53 of 1st period - Boone Jenner is hit by Josh Anderson.
8:18 of 1st period - Minor Penalty to Radko Gudas for High sticking.
8:19 of 1st period - Jean-Gabriel Pageau wins face-off versus Nazem Kadri in SAN DIEGO THUNDER zone.
8:19 of 1st period - Alexander Edler is hit by Nazem Kadri and loses puck.
8:34 of 1st period - Shot by David Pastrnak.
8:34 of 1st period - Deflect By Brady Tkachuk.
8:34 of 1st period - Stopped by Connor Hellebuyck without a rebound.
8:35 of 1st period - Boone Jenner wins face-off versus Jean-Gabriel Pageau in SAN DIEGO THUNDER zone.
9:14 of 1st period - Shot by Sami Vatanen.
9:14 of 1st period - Shot Blocked by Connor Murphy.
9:16 of 1st period - Shot by Jonathan Miller.
9:16 of 1st period - Shot Blocked by Connor Murphy.
9:42 of 1st period - Jared McCann is hit by Brady Tkachuk and loses puck.
9:51 of 1st period - Shot by David Pastrnak.
9:51 of 1st period - Stopped by Connor Hellebuyck without a rebound.
9:52 of 1st period - Nazem Kadri wins face-off versus Jean-Gabriel Pageau in SAN DIEGO THUNDER zone.
10:09 of 1st period - Alexander Edler is hit by Brady Tkachuk.
10:29 of 1st period - Shot by Blake Comeau.
10:29 of 1st period - Shot Blocked by Radko Gudas.
10:53 of 1st period - Shot by Brandon Saad.
10:53 of 1st period - Shot Misses the Net.
10:55 of 1st period - Shot by Sami Vatanen.
10:55 of 1st period - Stopped by Connor Hellebuyck without a rebound.
10:56 of 1st period - Boone Jenner wins face-off versus Mikael Granlund in SAN DIEGO THUNDER zone.
12:02 of 1st period - Shot by Jared McCann.
12:02 of 1st period - Stopped by Frederik Andersen without a rebound.
12:03 of 1st period - Bo Horvat wins face-off versus Nazem Kadri in REGINA FALCONS zone.
12:08 of 1st period - Shot by Bo Horvat.
12:08 of 1st period - Stopped by Frederik Andersen without a rebound.
12:09 of 1st period - Nazem Kadri wins face-off versus Bo Horvat in REGINA FALCONS zone.
12:09 of 1st period - Nazem Kadri is hit by Josh Anderson.
12:33 of 1st period - Shot by David Pastrnak.
12:33 of 1st period - Stopped by Connor Hellebuyck without a rebound.
12:34 of 1st period - Antti Suomela wins face-off versus Jean-Gabriel Pageau in SAN DIEGO THUNDER zone.
13:55 of 1st period - Shot by Josh Anderson.
13:55 of 1st period - Stopped by Frederik Andersen without a rebound.
13:56 of 1st period - Boone Jenner wins face-off versus Mikael Granlund in REGINA FALCONS zone.
14:23 of 1st period - Shot by Boone Jenner.
14:23 of 1st period - Stopped by Connor Hellebuyck with a rebound.
14:48 of 1st period - Icing by Max Pacioretty.
14:49 of 1st period - Bo Horvat wins face-off versus Boone Jenner in REGINA FALCONS zone.
14:54 of 1st period - Shot by David Perron.
14:54 of 1st period - Stopped by Frederik Andersen without a rebound.
14:55 of 1st period - Bo Horvat wins face-off versus Nazem Kadri in REGINA FALCONS zone.
15:14 of 1st period - Shot by David Perron.
15:14 of 1st period - Stopped by Frederik Andersen without a rebound.
15:15 of 1st period - Jean-Gabriel Pageau wins face-off versus Antti Suomela in REGINA FALCONS zone.
15:18 of 1st period - Shot by Jared McCann.
15:18 of 1st period - Shot Misses the Net.
15:30 of 1st period - Shot by Brandon Saad.
15:30 of 1st period - Shot Blocked by Connor Murphy.
15:42 of 1st period - Shot by Blake Comeau.
15:42 of 1st period - Shot Misses the Net.
15:44 of 1st period - Shot by Ben Harpur.
15:44 of 1st period - Shot Blocked by Connor Murphy.
15:54 of 1st period - Shot by Antti Suomela.
15:54 of 1st period - Stopped by Connor Hellebuyck with a rebound.
15:56 of 1st period - Shot by Ben Harpur.
15:56 of 1st period - Shot Misses the Net.
16:17 of 1st period - Nazem Kadri is hit by Radko Gudas and loses puck.
16:44 of 1st period - Shot by David Pastrnak.
16:44 of 1st period - Shot Blocked by Josh Manson.
16:46 of 1st period - Shot by David Pastrnak.
16:46 of 1st period - Stopped by Connor Hellebuyck without a rebound.
16:47 of 1st period - Boone Jenner wins face-off versus Mikael Granlund in SAN DIEGO THUNDER zone.
16:50 of 1st period - Shot by Jonathan Miller.
16:50 of 1st period - Stopped by Connor Hellebuyck without a rebound.
16:51 of 1st period - Mikael Granlund wins face-off versus Boone Jenner in SAN DIEGO THUNDER zone.
17:10 of 1st period - Shot by Nikita Kucherov.
17:10 of 1st period - Stopped by Frederik Andersen without a rebound.
17:11 of 1st period - Josh Anderson wins face-off versus Brian Gibbons in REGINA FALCONS zone.
17:40 of 1st period - Shot by Bo Horvat.
17:40 of 1st period - Shot Misses the Net.
17:54 of 1st period - Shot by Bo Horvat.
17:54 of 1st period - Stopped by Frederik Andersen without a rebound.
17:55 of 1st period - Nazem Kadri wins face-off versus Mikael Granlund in REGINA FALCONS zone.
18:24 of 1st period - Shot by Evander Kane.
18:24 of 1st period - Stopped by Frederik Andersen without a rebound.
18:25 of 1st period - Boone Jenner wins face-off versus Jean-Gabriel Pageau in REGINA FALCONS zone.
18:36 of 1st period - Shot by Boone Jenner.
18:36 of 1st period - Stopped by Connor Hellebuyck with a rebound.
18:42 of 1st period - Shot by Max Pacioretty.
18:42 of 1st period - Shot Misses the Net.
18:44 of 1st period - Shot by Boone Jenner.
18:44 of 1st period - Deflect By Jonathan Miller.
18:44 of 1st period - Goal by Jonathan Miller - SAN DIEGO THUNDER : 0 - REGINA FALCONS : 2.
18:45 of 1st period - Nazem Kadri wins face-off versus Mikael Granlund in neutral zone.
18:58 of 1st period - Shot by David Pastrnak.
18:58 of 1st period - Stopped by Connor Hellebuyck without a rebound.
18:59 of 1st period - Boone Jenner wins face-off versus Bo Horvat in SAN DIEGO THUNDER zone.
19:19 of 1st period - Shot by Boone Jenner.
19:19 of 1st period - Shot Misses the Net.
19:21 of 1st period - Shot by Boone Jenner.
19:21 of 1st period - Stopped by Connor Hellebuyck with a rebound.
19:23 of 1st period - Shot by Jonathan Miller.
19:23 of 1st period - Deflect By Max Pacioretty.
19:23 of 1st period - Stopped by Connor Hellebuyck without a rebound.
19:24 of 1st period - Mikael Granlund wins face-off versus Nazem Kadri in SAN DIEGO THUNDER zone.
19:43 of 1st period - Shot by Mikael Granlund.
19:43 of 1st period - Stopped by Frederik Andersen without a rebound.
19:44 of 1st period - Boone Jenner wins face-off versus Jean-Gabriel Pageau in REGINA FALCONS zone.
19:44 of 1st period - Boone Jenner is hit by Jared McCann.
19:49 of 1st period - Off-side.
19:50 of 1st period - Nazem Kadri wins face-off versus Mikael Granlund in neutral zone.
Goals for this period are 0 for SAN DIEGO THUNDER vs 2 for REGINA FALCONS.
Shots for this period are 10 for SAN DIEGO THUNDER vs 20 for REGINA FALCONS.

2nd period


0:01 of 2nd period - Boone Jenner wins face-off versus Mikael Granlund in neutral zone.
0:32 of 2nd period - Shot by Evander Kane.
0:32 of 2nd period - Shot Misses the Net.
0:34 of 2nd period - Shot by Evander Kane.
0:34 of 2nd period - Shot Misses the Net.
0:36 of 2nd period - Shot by Evander Kane.
0:36 of 2nd period - Stopped by Frederik Andersen without a rebound.
0:37 of 2nd period - Bo Horvat wins face-off versus David Pastrnak in REGINA FALCONS zone.
0:40 of 2nd period - Shot by David Perron.
0:40 of 2nd period - Stopped by Frederik Andersen without a rebound.
0:41 of 2nd period - Bo Horvat wins face-off versus Nazem Kadri in REGINA FALCONS zone.
0:56 of 2nd period - Bo Horvat is hit by Nazem Kadri and loses puck.
1:05 of 2nd period - Matt Benning is hit by Brady Tkachuk and loses puck.
1:50 of 2nd period - Shot by Jean-Gabriel Pageau.
1:50 of 2nd period - Shot Blocked by Joel Edmundson.
2:19 of 2nd period - Icing by Joel Edmundson.
2:20 of 2nd period - Mikael Granlund wins face-off versus Nazem Kadri in REGINA FALCONS zone.
2:20 of 2nd period - Evander Kane is hit by Sami Vatanen and loses puck.
2:26 of 2nd period - Off-side.
2:27 of 2nd period - Mikael Granlund wins face-off versus Boone Jenner in neutral zone.
2:50 of 2nd period - Shot by Evander Kane.
2:50 of 2nd period - Shot Misses the Net.
3:18 of 2nd period - Icing by Marc-Edouard Vlasic.
3:19 of 2nd period - Bo Horvat wins face-off versus Boone Jenner in REGINA FALCONS zone.
3:38 of 2nd period - Icing by Boone Jenner.
3:39 of 2nd period - Boone Jenner wins face-off versus Dominik Kahun in REGINA FALCONS zone.
4:13 of 2nd period - Brandon Saad is hit by Connor Murphy and loses puck.
4:22 of 2nd period - Shot by Blake Comeau.
4:22 of 2nd period - Shot Blocked by Matt Benning.
4:24 of 2nd period - Shot by Ben Harpur.
4:24 of 2nd period - Stopped by Connor Hellebuyck with a rebound.
4:51 of 2nd period - Brian Gibbons is hit by Matt Benning and loses puck.
5:05 of 2nd period - Valeri Nichushkin is hit by Matt Benning and loses puck.
5:11 of 2nd period - Icing by Connor Murphy.
5:12 of 2nd period - Nazem Kadri wins face-off versus Jean-Gabriel Pageau in SAN DIEGO THUNDER zone.
5:13 of 2nd period - Shot by David Pastrnak.
5:13 of 2nd period - Shot Blocked by Matt Benning.
5:16 of 2nd period - Brady Tkachuk is hit by Matt Benning and loses puck.
5:23 of 2nd period - Shot by Brady Tkachuk.
5:23 of 2nd period - Shot Misses the Net.
6:23 of 2nd period - Shot by Max Pacioretty.
6:23 of 2nd period - Deflect By Boone Jenner.
6:23 of 2nd period - Shot Misses the Net.
6:47 of 2nd period - Shot by Nikita Kucherov.
6:47 of 2nd period - Shot Blocked by Boone Jenner.
7:25 of 2nd period - Shot by Josh Anderson.
7:25 of 2nd period - Deflect By Bo Horvat.
7:25 of 2nd period - Shot Misses the Net.
7:33 of 2nd period - Shot by Bo Horvat.
7:33 of 2nd period - Stopped by Frederik Andersen with a rebound.
7:35 of 2nd period - Shot by Alexander Edler.
7:35 of 2nd period - Stopped by Frederik Andersen without a rebound.
7:36 of 2nd period - Nazem Kadri wins face-off versus Drake Batherson in REGINA FALCONS zone.
7:48 of 2nd period - Icing by Marc-Edouard Vlasic.
7:49 of 2nd period - Bo Horvat wins face-off versus Nazem Kadri in REGINA FALCONS zone.
8:15 of 2nd period - Icing by Ron Hainsey.
8:16 of 2nd period - Nazem Kadri wins face-off versus Mikael Granlund in REGINA FALCONS zone.
8:16 of 2nd period - Nazem Kadri is hit by Evander Kane.
8:54 of 2nd period - Shot by Nikita Kucherov.
8:54 of 2nd period - Deflect By Evander Kane.
8:54 of 2nd period - Shot Misses the Net.
9:04 of 2nd period - Shot by Nikita Kucherov.
9:04 of 2nd period - Stopped by Frederik Andersen without a rebound.
9:05 of 2nd period - Boone Jenner wins face-off versus Josh Anderson in REGINA FALCONS zone.
9:18 of 2nd period - Shot by Max Pacioretty.
9:18 of 2nd period - Deflect By Boone Jenner.
9:18 of 2nd period - Shot Blocked by Alexander Edler.
9:36 of 2nd period - Shot by Max Pacioretty.
9:36 of 2nd period - Stopped by Connor Hellebuyck without a rebound.
9:37 of 2nd period - Antti Suomela wins face-off versus Drake Batherson in SAN DIEGO THUNDER zone.
9:37 of 2nd period - Antti Suomela is hit by Josh Manson.
9:40 of 2nd period - Brandon Saad is hit by Charles McAvoy.
9:53 of 2nd period - Pierre-Edouard Bellemare is hit by Blake Comeau.
9:54 of 2nd period - Minor Penalty to Blake Comeau for High sticking.
9:55 of 2nd period - Bo Horvat wins face-off versus Antti Suomela in REGINA FALCONS zone.
10:10 of 2nd period - Shot by Bo Horvat.
10:10 of 2nd period - Stopped by Frederik Andersen without a rebound.
10:11 of 2nd period - Mikael Granlund wins face-off versus Antti Suomela in REGINA FALCONS zone.
12:28 of 2nd period - Shot by Nazem Kadri.
12:28 of 2nd period - Deflect By David Pastrnak.
12:28 of 2nd period - Stopped by Connor Hellebuyck with a rebound.
13:01 of 2nd period - Icing by Pierre-Edouard Bellemare.
13:02 of 2nd period - Boone Jenner wins face-off versus Drake Batherson in SAN DIEGO THUNDER zone.
13:05 of 2nd period - Shot by Jonathan Miller.
13:05 of 2nd period - Stopped by Connor Hellebuyck with a rebound.
14:04 of 2nd period - Shot by Brian Gibbons.
14:04 of 2nd period - Stopped by Connor Hellebuyck with a rebound.
14:19 of 2nd period - Brian Gibbons is hit by Matt Benning and loses puck.
14:24 of 2nd period - Shot by Sami Vatanen.
14:24 of 2nd period - Stopped by Connor Hellebuyck without a rebound.
14:25 of 2nd period - Nazem Kadri wins face-off versus Mikael Granlund in SAN DIEGO THUNDER zone.
14:26 of 2nd period - Shot by David Pastrnak.
14:26 of 2nd period - Stopped by Connor Hellebuyck without a rebound.
14:27 of 2nd period - Nikita Kucherov wins face-off versus Nazem Kadri in SAN DIEGO THUNDER zone.
14:44 of 2nd period - Shot by Evander Kane.
14:44 of 2nd period - Shot Misses the Net.
14:46 of 2nd period - Shot by Evander Kane.
14:46 of 2nd period - Goal by Evander Kane - SAN DIEGO THUNDER : 1 - REGINA FALCONS : 2.
14:47 of 2nd period - Bo Horvat wins face-off versus Boone Jenner in neutral zone.
15:05 of 2nd period - Sami Vatanen is hit by Bo Horvat and loses puck.
16:06 of 2nd period - Shot by Mikael Granlund.
16:06 of 2nd period - Shot Misses the Net.
16:12 of 2nd period - Shot by Evander Kane.
16:12 of 2nd period - Stopped by Frederik Andersen without a rebound.
16:13 of 2nd period - Jean-Gabriel Pageau wins face-off versus Nazem Kadri in REGINA FALCONS zone.
16:26 of 2nd period - Shot by Nazem Kadri.
16:26 of 2nd period - Shot Misses the Net.
17:05 of 2nd period - Icing by Josh Manson.
17:06 of 2nd period - Boone Jenner wins face-off versus Jean-Gabriel Pageau in SAN DIEGO THUNDER zone.
17:26 of 2nd period - Shot by Boone Jenner.
17:26 of 2nd period - Shot Misses the Net.
17:34 of 2nd period - Shot by Evander Kane.
17:34 of 2nd period - Stopped by Frederik Andersen without a rebound.
17:35 of 2nd period - Bo Horvat wins face-off versus Antti Suomela in REGINA FALCONS zone.
17:47 of 2nd period - Minor Penalty to Ron Hainsey for Tripping.
17:48 of 2nd period - Bo Horvat wins face-off versus Antti Suomela in REGINA FALCONS zone.
17:49 of 2nd period - Shot by Nikita Kucherov.
17:49 of 2nd period - Shot Misses the Net.
18:00 of 2nd period - Shot by Bo Horvat.
18:00 of 2nd period - Shot Misses the Net.
18:02 of 2nd period - Shot by Nikita Kucherov.
18:02 of 2nd period - Shot Misses the Net.
18:24 of 2nd period - Shot by Bo Horvat.
18:24 of 2nd period - Deflect By Nikita Kucherov.
18:24 of 2nd period - Shot Misses the Net.
18:26 of 2nd period - Shot by Radko Gudas.
18:26 of 2nd period - Stopped by Frederik Andersen without a rebound.
18:27 of 2nd period - Jonathan Miller wins face-off versus Mikael Granlund in REGINA FALCONS zone.
18:37 of 2nd period - Off-side.
18:38 of 2nd period - Mikael Granlund wins face-off versus Valeri Nichushkin in neutral zone.
19:21 of 2nd period - Shot by Alexander Edler.
19:21 of 2nd period - Shot Misses the Net.
19:23 of 2nd period - Shot by Alexander Edler.
19:23 of 2nd period - Stopped by Frederik Andersen without a rebound.
19:24 of 2nd period - Bo Horvat wins face-off versus Jonathan Miller in REGINA FALCONS zone.
Goals for this period are 1 for SAN DIEGO THUNDER vs 0 for REGINA FALCONS.
Shots for this period are 11 for SAN DIEGO THUNDER vs 7 for REGINA FALCONS.

3rd period


0:01 of 3rd period - Boone Jenner wins face-off versus Mikael Granlund in neutral zone.
0:15 of 3rd period - Mikael Granlund is hit by Sami Vatanen and loses puck.
0:18 of 3rd period - Shot by Evander Kane.
0:18 of 3rd period - Shot Blocked by Sami Vatanen.
0:20 of 3rd period - Shot by Evander Kane.
0:20 of 3rd period - Shot Misses the Net.
0:22 of 3rd period - Shot by Nikita Kucherov.
0:22 of 3rd period - Shot Blocked by Joel Edmundson.
0:28 of 3rd period - Shot by Nikita Kucherov.
0:28 of 3rd period - Stopped by Frederik Andersen without a rebound.
0:28 of 3rd period - Minor Penalty to Joel Edmundson for Roughing.
0:29 of 3rd period - Bo Horvat wins face-off versus Antti Suomela in REGINA FALCONS zone.
0:52 of 3rd period - Shot by Nikita Kucherov.
0:52 of 3rd period - Shot Misses the Net.
0:54 of 3rd period - Shot by Bo Horvat.
0:54 of 3rd period - Shot Misses the Net.
2:31 of 3rd period - Bo Horvat is hit by Sami Vatanen and loses puck.
2:37 of 3rd period - Jean-Gabriel Pageau is hit by Sami Vatanen and loses puck.
3:00 of 3rd period - Shot by Jared McCann.
3:00 of 3rd period - Shot Misses the Net.
3:30 of 3rd period - Shot by Max Pacioretty.
3:30 of 3rd period - Stopped by Connor Hellebuyck without a rebound.
3:31 of 3rd period - Bo Horvat wins face-off versus Antti Suomela in SAN DIEGO THUNDER zone.
3:31 of 3rd period - Bo Horvat is hit by Blake Comeau.
4:03 of 3rd period - Shot by Bo Horvat.
4:03 of 3rd period - Shot Misses the Net.
5:00 of 3rd period - Shot by Evander Kane.
5:00 of 3rd period - Stopped by Frederik Andersen without a rebound.
5:01 of 3rd period - Jean-Gabriel Pageau wins face-off versus Boone Jenner in REGINA FALCONS zone.
5:16 of 3rd period - Shot by Jonathan Miller.
5:16 of 3rd period - Stopped by Connor Hellebuyck without a rebound.
5:17 of 3rd period - Nazem Kadri wins face-off versus Drake Batherson in SAN DIEGO THUNDER zone.
5:36 of 3rd period - Off-side.
5:37 of 3rd period - Mikael Granlund wins face-off versus Boone Jenner in neutral zone.
5:45 of 3rd period - Icing by Jonathan Miller.
5:46 of 3rd period - Boone Jenner wins face-off versus Mikael Granlund in REGINA FALCONS zone.
5:53 of 3rd period - Shot by Mikael Granlund.
5:53 of 3rd period - Shot Misses the Net.
5:55 of 3rd period - Shot by Evander Kane.
5:55 of 3rd period - Stopped by Frederik Andersen without a rebound.
5:56 of 3rd period - Nazem Kadri wins face-off versus Mikael Granlund in REGINA FALCONS zone.
7:20 of 3rd period - Boone Jenner is hit by Charles McAvoy.
7:26 of 3rd period - Shot by Boone Jenner.
7:26 of 3rd period - Stopped by Connor Hellebuyck without a rebound.
7:27 of 3rd period - Bo Horvat wins face-off versus Antti Suomela in SAN DIEGO THUNDER zone.
8:04 of 3rd period - Josh Anderson is hit by Brandon Saad and loses puck.
9:02 of 3rd period - Shot by David Pastrnak.
9:02 of 3rd period - Stopped by Connor Hellebuyck without a rebound.
9:03 of 3rd period - Boone Jenner wins face-off versus Drake Batherson in SAN DIEGO THUNDER zone.
9:04 of 3rd period - Shot by Jonathan Miller.
9:04 of 3rd period - Stopped by Connor Hellebuyck without a rebound.
9:05 of 3rd period - Drake Batherson wins face-off versus Max Pacioretty in SAN DIEGO THUNDER zone.
9:14 of 3rd period - Icing by Jonathan Miller.
9:15 of 3rd period - Mikael Granlund wins face-off versus Boone Jenner in REGINA FALCONS zone.
9:24 of 3rd period - Shot by Nikita Kucherov.
9:24 of 3rd period - Shot Blocked by Marc-Edouard Vlasic.
9:43 of 3rd period - Off-side.
9:44 of 3rd period - Nazem Kadri wins face-off versus Bo Horvat in neutral zone.
10:38 of 3rd period - David Perron is hit by Ron Hainsey and loses puck.
11:22 of 3rd period - Icing by Alexander Edler.
11:23 of 3rd period - Bo Horvat wins face-off versus Antti Suomela in SAN DIEGO THUNDER zone.
11:23 of 3rd period - Bo Horvat is hit by Blake Comeau.
11:30 of 3rd period - Alexander Edler is hit by Blake Comeau and loses puck.
12:00 of 3rd period - Icing by Radko Gudas.
12:01 of 3rd period - Nazem Kadri wins face-off versus Bo Horvat in SAN DIEGO THUNDER zone.
12:08 of 3rd period - Shot by Brady Tkachuk.
12:08 of 3rd period - Stopped by Connor Hellebuyck without a rebound.
12:08 of 3rd period - Minor Penalty to Brady Tkachuk for Hooking.
12:08 of 3rd period - Minor Penalty to Radko Gudas for Boarding.
12:09 of 3rd period - Brandon Saad wins face-off versus Nikita Kucherov in SAN DIEGO THUNDER zone.
12:09 of 3rd period - Ron Hainsey is hit by Josh Manson and loses puck.
12:14 of 3rd period - Shot by Boone Jenner.
12:14 of 3rd period - Stopped by Connor Hellebuyck without a rebound.
12:15 of 3rd period - Nikita Kucherov wins face-off versus Boone Jenner in SAN DIEGO THUNDER zone.
12:36 of 3rd period - Josh Manson is hit by Boone Jenner and loses puck.
13:23 of 3rd period - Shot by Max Pacioretty.
13:23 of 3rd period - Shot Blocked by Matt Benning.
13:31 of 3rd period - Shot by Max Pacioretty.
13:31 of 3rd period - Shot Blocked by Connor Murphy.
13:33 of 3rd period - Shot by Max Pacioretty.
13:33 of 3rd period - Stopped by Connor Hellebuyck with a rebound.
13:35 of 3rd period - Shot by Max Pacioretty.
13:35 of 3rd period - Stopped by Connor Hellebuyck without a rebound.
13:36 of 3rd period - Antti Suomela wins face-off versus Nikita Kucherov in SAN DIEGO THUNDER zone.
14:18 of 3rd period - Icing by Matt Benning.
14:19 of 3rd period - Brian Gibbons wins face-off versus Drake Batherson in SAN DIEGO THUNDER zone.
14:24 of 3rd period - Shot by Matt Martin.
14:24 of 3rd period - Shot Misses the Net.
14:36 of 3rd period - Shot by James Neal.
14:36 of 3rd period - Shot Misses the Net.
14:46 of 3rd period - Shot by Drake Batherson.
14:46 of 3rd period - Shot Misses the Net.
14:48 of 3rd period - Shot by Matt Benning.
14:48 of 3rd period - Deflect By Drake Batherson.
14:48 of 3rd period - Shot Misses the Net.
14:50 of 3rd period - Shot by Matt Benning.
14:50 of 3rd period - Stopped by Frederik Andersen without a rebound.
14:51 of 3rd period - Bo Horvat wins face-off versus Boone Jenner in REGINA FALCONS zone.
15:18 of 3rd period - Shot by Josh Anderson.
15:18 of 3rd period - Shot Misses the Net.
16:31 of 3rd period - Icing by Marc-Edouard Vlasic.
16:32 of 3rd period - Boone Jenner wins face-off versus Jean-Gabriel Pageau in REGINA FALCONS zone.
16:49 of 3rd period - Shot by Jared McCann.
16:49 of 3rd period - Shot Misses the Net.
16:52 of 3rd period - Icing by Ben Harpur.
16:53 of 3rd period - Nazem Kadri wins face-off versus Drake Batherson in REGINA FALCONS zone.
17:10 of 3rd period - Shot by Brady Tkachuk.
17:10 of 3rd period - Deflect By David Pastrnak.
17:10 of 3rd period - Stopped by Connor Hellebuyck without a rebound.
17:11 of 3rd period - Antti Suomela wins face-off versus Mikael Granlund in SAN DIEGO THUNDER zone.
17:30 of 3rd period - Shot by Mikael Granlund.
17:30 of 3rd period - Shot Blocked by Ryan Murray.
17:58 of 3rd period - Shot by Mikael Granlund.
17:58 of 3rd period - Shot Misses the Net.
18:47 of 3rd period - Minor Penalty to Matt Martin for Goalie Interference.
18:48 of 3rd period - Bo Horvat wins face-off versus Antti Suomela in REGINA FALCONS zone.
18:49 of 3rd period - SAN DIEGO THUNDER, Connor Hellebuyck is pulled from the net.
18:51 of 3rd period - Shot by Charles McAvoy.
18:51 of 3rd period - Shot Blocked by Sami Vatanen.
18:53 of 3rd period - Shot by Charles McAvoy.
18:53 of 3rd period - Shot Misses the Net.
19:25 of 3rd period - Shot by David Perron.
19:25 of 3rd period - Shot Misses the Net.
19:27 of 3rd period - Shot by Connor Murphy.
19:27 of 3rd period - Stopped by Frederik Andersen without a rebound.
19:28 of 3rd period - Antti Suomela wins face-off versus Mikael Granlund in REGINA FALCONS zone.
Goals for this period are 0 for SAN DIEGO THUNDER vs 0 for REGINA FALCONS.
Shots for this period are 5 for SAN DIEGO THUNDER vs 10 for REGINA FALCONS.


SEBASTIAN
AHO
MARK
SCHEIFELE
JAKE
OETTINGER

EAST COAST

HOCKEY LEAGUE

  • 17.QUE3CHI2
  • 18.CHA2LIM4
  • 19.TRV3LON2
  • 20.CHW1BAL2
  • 21.PITMAN
  • 22.ATLNHW
  • 23.WORPET
  • 24.RHI